 Dungeon Crawl Stone Soup version 0.17-a0-1882-g750edc8 (webtiles) character file.

5110 4thArraOfDagon the Martial Artist (level 10, 0/90 HPs)
             Began as a Green Draconian Monk on Sept 22, 2015.
             Was a Believer of Cheibriados.
             Slain by a white ugly thing (27 damage)
             ... on level 9 of the Dungeon.
             The game lasted 00:18:25 (3171 turns).

4thArraOfDagon the Martial Artist (DrMo)            Turns: 3171, Time: 00:18:25

Health: 0/90       AC: 13    Str: 19    XL:     10   Next: 32%
Magic:  13/13      EV: 18    Int: 21    God:    Cheibriados [**....]
Gold:   344        SH:  0    Dex: 19    Spells: 0 memorised, 9 levels left

rFire  . . .     SeeInvis .     d - +2 dagger (venom)
rCold  . . .     Rnd*Rage +     (armour unavailable)
rNeg   . . .     SustAt   +     (no shield)
rPois  +         Gourm    .     y - +0 hat {Int+3}
rElec  .         Spirit   .     h - +0 cloak
rCorr  .         Warding  .     c - +1 pair of gloves
rMut   .         Stasis   .     n - +2 pair of boots
MR     ++...                    (no amulet)
Stlth  ++........               C - ring of sustain attributes
                                A - ring of protection from magic

@: short of breath, slowed, very slow, very resistant to hostile enchantments,
unstealthy
A: breathe noxious fumes, unfitting armour, berserk 1, magic resistance 1,
mutation resistance 1, poison resistance, cold-blooded, AC +7
a: Breathe Noxious Fumes, Bend Time, Renounce Religion


You were on level 9 of the Dungeon.
You worshipped Cheibriados.
Cheibriados was pleased with you.
You were not hungry.

You visited 2 branches of the dungeon, and saw 10 of its levels.

You collected 344 gold pieces.

Inventory:

Hand weapons
 d - a +2 dagger of venom (weapon)
Missiles
 l - 2 throwing nets (quivered)
Armour
 c - a +1 pair of gloves (worn)
 h - a +0 cloak (worn)
 n - a +2 pair of boots (worn)
 y - a +0 hat of intelligence (worn)
Jewellery
 A - a ring of protection from magic (left hand)
 C - a ring of sustain attributes (right hand)
Magical devices
 f - a wand of disintegration (12)
 i - a wand of slowing (37)
 s - a wand of random effects (24)
 v - a wand of paralysis (0)
 x - a wand of fireball (10)
Scrolls
 e - 3 scrolls of remove curse
 k - 5 scrolls of identify
 m - a scroll of immolation {unknown}
 o - a scroll of enchant armour
 p - 2 scrolls of amnesia {unknown}
 q - 2 scrolls of teleportation {unknown}
 r - a scroll of blinking {unknown}
 B - a scroll of recharging
 D - a scroll of silence {unknown}
Potions
 b - 2 potions of might
 t - a potion of curing
 u - a potion of berserk rage
 w - a potion of heal wounds
Comestibles
 a - 7 bread rations
 g - 2 meat rations
 j - 4 beef jerkies
 z - 6 chunks of flesh


   Skills:
 + Level 8.8 Fighting
 + Level 7.2 Dodging
 - Level 1.7 Stealth
 * Level 11.1 Unarmed Combat
 + Level 4.3 Invocations


You had 9 spell levels left.
You didn't know any spells.

Dungeon Overview and Level Annotations

Branches:
Dungeon (9/15)             Temple (1/1) D:6
   Lair: D:8-11         Orc: D:9-12

Altars:
Ashenzari
Cheibriados
Dithmenos
Elyvilon
Fedhas
Gozag
Kikubaaqudgha
Makhleb
Nemelex Xobeh
Okawaru
Ru
Sif Muna
Vehumet
Xom
Yredelemnul
Zin
The Shining One

Annotations:
D:5 4thArraOfDagon's ghost, average DrMo
D:6 Grinder
D:7 4thArraOfDagon's ghost, experienced HuBe


Innate Abilities, Weirdness & Mutations

You can breathe blasts of noxious fumes.
Your lurid green scales are hard (AC +7).
Your body does not fit into most forms of armour.
Your system is resistant to poisons.
You are cold-blooded and may be slowed by cold attacks.
You tend to lose your temper in combat.
You are resistant to hostile enchantments.
You are somewhat resistant to further mutation.


Message History

The hound is severely wounded.
The white ugly thing seems less confused.
The hound completely misses you.
Unknown command.
You barely miss the white ugly thing.
The white ugly thing is severely wounded.
The hound misses you.
The white ugly thing closely misses you.
The hound closely misses you.
Unknown command.
Unknown command.
You hit the white ugly thing.
The white ugly thing looks even sicker.
You tail-slap the white ugly thing, but do no damage.
The white ugly thing is severely wounded.
You kill the hound!
Cheibriados thoroughly appreciates the change of pace.
The white ugly thing claws you!
* * * LOW HITPOINT WARNING * * *
The white ugly thing freezes you!!
You feel yourself slow down.
You die...

########..###.###..# ..........#
#)# #..#
####+#.........###'###..#
.....#######+#..........#########
..........Y..#...................
..........####...................
..........#......................
#.....#####....†.................
..... ##....u@...##########...
.... #..######..# .......+.## P..
........# #..# .......#.# ..
........# #..# .......#.# P
...P....# #..# .......'.##
.....#..# #.)# .......#..#
....##..# #.÷# .......#..# ..##
#..# #..# ##+#####..# #. ...#
#.... .........


You could see a white ugly thing.

Vanquished Creatures
  Gastronok (D:8)
  Erolcha (D:9)
  Maurice (D:8)
  Psyche (D:8)
  Sigmund (D:6)
  Edmund (D:4)
  Duvessa (D:6)
  A sky beast (D:8)
  3 ogres
  3 centaurs
  A crocodile (D:9)
  Blork the orc (D:6)
  4 giant frogs
  Dowan (D:6)
  2 scorpions
  4 orc wizards
  2 crimson imps
  A jelly (D:7)
  A giant frog skeleton (D:5)
  5 hounds
  4 orc priests
  A killer bee zombie (D:7)
  5 worker ants
  A sheep (D:9)
  7 gnolls
  3 adders
  A worm (D:3)
  24 orcs
  2 giant cockroaches
  2 hobgoblins (D:1)
  6 jackals
  2 kobolds (D:1)
  3 bats
  3 giant geckos
  A giant gecko skeleton (D:4)
  3 giant newts
  6 goblins
  2 rats
112 creatures vanquished.

Vanquished Creatures (others)
  A hobgoblin (D:3)
1 creature vanquished.

Grand Total: 113 creatures vanquished

Notes
Turn   | Place    | Note
--------------------------------------------------------------
     0 | D:1      | 4thArraOfDagon the Draconian Monk began the quest for the Orb.
     0 | D:1      | Reached XP level 1. HP: 19/19 MP: 1/1
   217 | D:1      | Reached XP level 2. HP: 26/26 MP: 2/2
   298 | D:3      | Found a sacrificial altar of Ru.
   459 | D:3      | Reached XP level 3. HP: 28/33 MP: 3/3
   557 | D:3      | Found a burning altar of Makhleb.
   686 | D:4      | Noticed a giant frog
   695 | D:4      | Killed a giant frog
   695 | D:4      | Reached skill level 5 in Unarmed Combat
   695 | D:4      | Reached XP level 4. HP: 30/40 MP: 4/4
   759 | D:4      | You fall through a shaft for 3 floors!
   786 | D:7      | Noticed an ogre
   804 | D:7      | Reached XP level 5. HP: 30/47 MP: 5/5
   814 | D:7      | Found a radiant altar of Vehumet.
   814 | D:7      | Noticed a centaur
   831 | D:7      | Killed a centaur
   839 | D:8      | Noticed a sky beast
   845 | D:8      | Killed a sky beast
   845 | D:8      | Reached skill level 6 in Unarmed Combat
   845 | D:8      | Reached XP level 6. HP: 14/55 MP: 6/6
   869 | D:9      | Noticed a wolf spider
   869 | D:9      | Noticed a redback
   939 | D:7      | Found a deep blue altar of Sif Muna.
  1007 | D:6      | Noticed Grinder
  1013 | D:6      | Gained mutation: You are resistant to hostile enchantments. [potion of mutation]
  1013 | D:6      | Gained mutation: You tend to lose your temper in combat. [potion of mutation]
  1013 | D:6      | Gained mutation: You are somewhat resistant to further mutation. [potion of mutation]
  1025 | D:6      | Paralysed by Grinder for 6 turns
  1044 | D:5      | Entered Level 5 of the Dungeon
  1053 | D:5      | Reached skill level 5 in Fighting
  1064 | D:4      | Noticed Edmund
  1373 | D:4      | Killed Edmund
  1373 | D:4      | Your scales start taking on a lurid green colour.
  1373 | D:4      | Gained mutation: Your system is resistant to poisons. [Green Draconian growth]
  1373 | D:4      | Reached XP level 7. HP: 40/61 MP: 7/7
  1542 | D:5      | Reached skill level 7 in Unarmed Combat
  1558 | D:5      | Found an opulent altar of Gozag.
  1571 | D:5      | Noticed 4thArraOfDagon's ghost (average DrMo)
  1724 | D:6      | Found a glowing golden altar of the Shining One.
  1751 | D:6      | Found a staircase to the Ecumenical Temple.
  1754 | D:6      | Noticed Duvessa
  1754 | D:6      | Noticed Dowan
  1755 | D:6      | Noticed Blork the orc
  1758 | Temple   | Entered the Ecumenical Temple
  1847 | D:6      | Killed Blork the orc
  1860 | D:6      | Killed Duvessa
  1860 | D:6      | Reached XP level 8. HP: 68/70 MP: 8/8
  1880 | D:6      | Killed Dowan
  1880 | D:6      | Reached skill level 8 in Unarmed Combat
  1951 | D:6      | Reached skill level 5 in Dodging
  1990 | D:7      | Noticed a centaur
  1997 | D:7      | Killed a centaur
  2033 | D:7      | Noticed a giant frog
  2040 | D:7      | Killed an ogre
  2044 | D:7      | Killed a giant frog
  2095 | D:7      | Noticed 4thArraOfDagon's ghost (experienced HuBe)
  2102 | D:7      | Noticed an ogre
  2120 | D:7      | Killed an ogre
  2180 | D:8      | Noticed Gastronok
  2208 | D:8      | Noticed Maurice
  2231 | D:8      | Killed Maurice
  2231 | D:8      | Reached skill level 9 in Unarmed Combat
  2238 | D:8      | Noticed Psyche
  2253 | D:8      | Killed Psyche
  2253 | D:8      | Reached XP level 9. HP: 79/79 MP: 9/9
  2374 | D:8      | Found a snail-covered altar of Cheibriados.
  2377 | D:8      | Became a worshipper of Cheibriados the Contemplative
  2377 | D:8      | Acquired Cheibriados's first power
  2449 | D:6      | Noticed Sigmund
  2456 | D:6      | Killed Sigmund
  2456 | D:6      | Reached skill level 1 in Invocations
  2485 | D:7      | Noticed a giant frog
  2493 | D:7      | Killed a giant frog
  2571 | D:8      | Found a shadowy altar of Dithmenos.
  2657 | D:8      | Killed Gastronok
  2657 | D:8      | Reached skill level 10 in Unarmed Combat
  2657 | D:8      | Reached XP level 10. HP: 58/90 MP: 9/12
  2740 | D:9      | Found a glowing golden altar of the Shining One.
  2774 | D:9      | Found a blossoming altar of Fedhas.
  2831 | D:9      | Noticed Erolcha
  2860 | D:9      | Killed Erolcha
  2860 | D:9      | Reached skill level 11 in Unarmed Combat
  3059 | D:9      | Found a white marble altar of Elyvilon.
  3087 | D:9      | Noticed a death yak
  3152 | D:9      | Noticed a white ugly thing
  3171 | D:9      | Slain by a white ugly thing

Vault maps used:
D:1:      shiori_arrival_elements
D:3:      nicolae_overflow_crystal_walls, nicolae_ru_awakened_eye, first_bread
D:4:      bh_walls_and_bars, uniq_pikel, uniq_edmund
D:5:      kennysheep_little_box, nicolae_qazlal_eye_of_the_storm,
          lightli_temple_of_fire
D:6:      minmay_temple_entry_grid, basic_altar, uniq_sigmund,
          uniq_blork_the_orc, uniq_grinder, uniq_duvessa
D:7:      overflow_temple_1_default, lemuel_crystal_altar,
          uniq_crazy_yiuf_cottage
D:8:      kennysheep_mini_moat, basic_altar, uniq_psyche, uniq_gastronok,
          uniq_maurice
D:9:      minmay_diamond_stairs, lemuel_doored_altar, old_standard_altar,
          lemuel_crystal_altar, david_lair_generic, uniq_erolcha
Temple:   circular_temple_pool_8

Action                   |  1- 3 |  4- 6 |  7- 9 | 10-12 || total
-------------------------+-------+-------+-------+-------++-------
Melee: Unarmed           |    26 |    19 |       |       ||    45
       Dagger            |    71 |    45 |   242 |    69 ||   427
Throw: Throwing net      |       |       |     1 |       ||     1
 Abil: Breathe Noxious F |       |       |    13 |     4 ||    17
Evoke: Wand              |       |       |     2 |       ||     2
  Use: Scroll            |     1 |     5 |     2 |     2 ||    10
       Potion            |       |     5 |     1 |     1 ||     7
 Stab: Invisible         |       |       |     3 |       ||     3
       Confused          |       |       |     4 |     2 ||     6
       Sleeping          |       |       |     3 |       ||     3
       Held in net/web   |       |       |     4 |       ||     4
  Eat: Chunk             |       |     2 |     7 |     2 ||    11
